 Dungeon Crawl Stone Soup version 0.29.0-15-g675c0067aa (webtiles) character file.

Game seed: 530436618401382025

793 qw the Chopper (level 7, 0/44 HPs)
             Began as a Gargoyle Fighter on Sept 11, 2022.
             Slain by a gnoll
             ... wielding a +0 halberd
              (6 damage)
             ... on level 4 of the Dungeon.
             The game lasted 00:01:36 (3732 turns).

qw the Chopper (Gargoyle Fighter)                   Turns: 3732, Time: 00:01:36

Health: 0/44       AC: 13    Str: 21    XL:     7   Next: 88%
Magic:  7/7        EV:  9    Int:  9    God:
Gold:   196        SH:  4    Dex:  9    Spells: 6/6 levels left

rFire   . . .      SeeInvis .   Y - +0 war axe
rCold   + . .      Faith    .   c - +0 buckler
rNeg    + + .      Spirit   .   b - +2 scale mail {rC+}
rPois   inf        Reflect  .   (no helmet)
rElec   +          Harm     .   (no cloak)
rCorr   +          Rampage  .   (no gloves)
Will    .....                   (no boots)
Stlth   ..........              (no amulet)
HPRegen 0.14/turn               i - ring of resist corrosion
MPRegen 0.10/turn               m - ring of positive energy

@: no status effects
A: sickness immunity, AC +4, negative energy resistance 1, electricity
resistance, torment resistance 1, petrification resistance
a: no special abilities


You were on level 4 of the Dungeon.
You visited 1 branch of the dungeon, and saw 4 of its levels.

You collected 259 gold pieces.
You spent 63 gold pieces at shops.


Innate Abilities, Weirdness & Mutations

You are immune to sickness and miasma.
Your stone body is resilient. (AC +4)
You are immune to poison.
You resist negative energy. (rN+)
You are resistant to electric shocks. (rElec)
You are resistant to unholy torment.
You are immune to petrification.


   Skills:
 - Level 5.5 Fighting
 + Level 6.9 Axes
 - Level 3.2 Armour
 - Level 1.0 Dodging
 - Level 3.2 Shields


You had 6 spell levels left.
You didn't know any spells.
Your spell library was empty.

Inventory:

Hand Weapons
 a - a +0 whip
 Y - a +0 war axe (weapon)
Armour
 b - a +2 scale mail of cold resistance (worn)
 c - a +0 buckler (worn)
 f - a +0 chain mail
 k - a +0 cloak
Jewellery
 i - a ring of resist corrosion (left hand)
 j - an amulet of reflection
 m - a ring of positive energy (right hand)
Scrolls
 e - 3 scrolls of identify
 o - a scroll of magic mapping {unknown}
 p - a scroll of blinking {unknown}
Potions
 d - a potion of might
 g - a potion of resistance
 l - a potion of haste
 n - a potion of mutation {unknown}

Dungeon Overview and Level Annotations

Branches:
Dungeon (4/15)
 Temple: D:4-7

Altars:

Shops:
D:4 [


Message History

The orc hits you with a +0 short sword.
Things that are here:
a +0 club; a gnoll corpse You hit the orc.
The orc is heavily wounded.
You block the gnoll's attack. The gnoll barely misses you.
The orc closely misses you.
You hit the orc but do no damage.
The orc is heavily wounded.
The gnoll hits you but does no damage. The gnoll closely misses you.
The orc hits you but does no damage. The gnoll closely misses you.
You slash the orc!
You kill the orc!
The gnoll misses you. The gnoll barely misses you.
You closely miss the gnoll. The gnoll hits you but does no damage.
The gnoll hits you from afar with a +0 halberd.
The gnoll splashes around in the water.
You closely miss the gnoll. The gnoll hits you but does no damage.
The gnoll hits you from afar with a +0 halberd!
The gnoll hits you but does no damage.
You barely miss the gnoll. The gnoll misses you. You block the gnoll's attack.
The gnoll hits you but does no damage.
You slash the gnoll!
You kill the gnoll!
The gnoll hits you but does no damage.
The gnoll splashes around in the water.
The gnoll hits you from afar with a +0 halberd.
The gnoll splashes around in the water.
The gnoll hits you with a +0 halberd.
Things that are here:
a +0 short sword; a +0 ring mail; a +2 vorpal falchion You closely miss the gnoll.
You slash the gnoll! You block the gnoll's attack.
The gnoll hits you with a +0 halberd.
You hit the gnoll.
You kill the gnoll!
You hear a splash.
You hit the gnoll. The gnoll hits you with a +0 halberd.
You die...

#....#####).###................##
#..### #..# #...##......###.)#
..## ..## ##..##.....## #..# ..#
.<# #........## ##.## .## .##
##.....)%.# ##...# .# #......).##
##..... .#
######.######..###...... ...
......))................ ~~~~~
~~~~...@~~~~~~~~~~~~~~~~ ~~~~~~
~~~~...g)~~~~~~~~~~~~~~~ #~~~~~
~~~~....~~~~~~~~~~~~#### .....
................?...#.og
####''''#############... #....#
#+## #....# #. '....' #. #.


You could see a gnoll.

Vanquished Creatures
  Grinder (D:4)
  An ogre (D:4)
  A phantom (D:4)
  2 howler monkeys (D:4)
  An orc priest (D:4)
  Jessica (D:3)
  3 orc wizards
  6 gnolls (D:4)
  6 adders
  5 worms
  3 dart slugs
  10 orcs
  9 endoplasms
  2 giant cockroaches
  12 goblins
  4 hobgoblins
  15 jackals
  5 kobolds
  3 quokkas
  9 ball pythons
  6 bats
  A frilled lizard (D:1)
  4 rats
110 creatures vanquished.

Vanquished Creatures (others)
  A fungus (D:4)
  2 plants (D:4)
3 creatures vanquished.

Grand Total: 113 creatures vanquished

Notes
Turn   | Place    | Note
-------+----------+-------------------------------------------
     0 | D:1      | qw the Gargoyle Fighter began the quest for the Orb.
     0 | D:1      | Reached XP level 1. HP: 14/14 MP: 1/1
     0 | D:1      | 0 ||| qw: Version: 0.1-a-119-g272c26d
     0 | D:1      | 0 ||| qw: Game counter: 10710
     0 | D:1      | 0 ||| qw: Always use a shield: true
     0 | D:1      | 0 ||| qw: God list: Okawaru
     0 | D:1      | 0 ||| qw: Allow faded altars: false
     0 | D:1      | 0 ||| qw: Do Orc after D:15 true
     0 | D:1      | 0 ||| qw: Do second Lair branch before Depths: true
     0 | D:1      | 0 ||| qw: Lair rune preference: random
     0 | D:1      | 0 ||| qw: Plans: Normal, Zot, God:TSO, Crypt, Tomb, Pan,
                  | Slime, Hells, Zig, Abyss, Orb
     0 | D:1      | 0 ||| PLANNING D:1-11
    23 | D:1      | 23 ||| Stepping ~*~*~tactically~*~*~ (stealth).
    39 | D:1      | 39 ||| Stepping ~*~*~tactically~*~*~ (stealth).
    49 | D:1      | Reached skill level 2 in Axes
   205 | D:1      | 205 ||| Stepping ~*~*~tactically~*~*~ (hiding).
   213 | D:1      | Reached XP level 2. HP: 18/19 MP: 2/2
   913 | D:1      | 913 ||| UPGRADING to +0 chain mail.
   923 | D:1      | 923 ||| DROPPING +0 scale mail.
   924 | D:1      | 924 ||| UPGRADING to ring of resist corrosion.
   925 | D:1      | 925 ||| READING scroll labelled QIYBE JAIFIODEQ.
   926 | D:1      | 926 ||| READING scroll labelled JIUTWU NEIFA.
   972 | D:2      | 972 ||| DROPPING +0 club.
  1007 | D:2      | Reached skill level 3 in Axes
  1198 | D:2      | Found a faded altar of an unknown god.
  1208 | D:2      | Reached XP level 3. HP: 23/23 MP: 3/3
  1509 | D:2      | 1509 ||| Stepping ~*~*~tactically~*~*~ (hiding).
  1704 | D:2      | Reached XP level 4. HP: 27/28 MP: 4/4
  1941 | D:2      | 1941 ||| UPGRADING to +2 scale mail of cold resistance.
  1951 | D:2      | 1951 ||| READING scroll labelled WESACOGHEL.
  1952 | D:2      | 1952 ||| READING scroll labelled MYIT BA SIRUGG.
  1957 | D:2      | 1957 ||| READING 2 scrolls of identify.
  1957 | D:2      | 1957 ||| IDENTIFYING dark potion
  1971 | D:3      | 1971 ||| STAIRDANCE
  1987 | D:3      | Reached skill level 4 in Axes
  1987 | D:3      | 1987 ||| STAIRDANCE
  2043 | D:3      | 2043 ||| Stepping ~*~*~tactically~*~*~ (stealth).
  2044 | D:3      | 2044 ||| Stepping ~*~*~tactically~*~*~ (stealth).
  2051 | D:3      | 2051 ||| Stepping ~*~*~tactically~*~*~ (hiding).
  2052 | D:3      | 2052 ||| Stepping ~*~*~tactically~*~*~ (hiding).
  2107 | D:3      | 2107 ||| Stepping ~*~*~tactically~*~*~ (stealth).
  2170 | D:3      | Reached XP level 5. HP: 32/32 MP: 5/5
  2265 | D:3      | 2265 ||| Stepping ~*~*~tactically~*~*~ (stealth).
  2312 | D:3      | 2312 ||| FLEEEEING.
  2313 | D:3      | 2313 ||| FLEEEEING.
  2527 | D:3      | Noticed Jessica
  2529 | D:3      | Killed Jessica
  2530 | D:3      | Reached skill level 5 in Axes
  2695 | D:3      | 2695 ||| UPGRADING to ring of positive energy.
  2696 | D:3      | 2696 ||| DRINKING 4 metallic inky potions.
  2697 | D:3      | 2697 ||| READING 4 scrolls of identify.
  2697 | D:3      | 2697 ||| IDENTIFYING fuming golden potion
  2698 | D:3      | 2698 ||| READING 3 scrolls of identify.
  2698 | D:3      | 2698 ||| IDENTIFYING white potion
  2699 | D:3      | 2699 ||| DROPPING potion of degeneration.
  2723 | D:4      | Noticed Grinder
  2724 | D:4      | 2724 ||| Stepping ~*~*~tactically~*~*~ (hiding).
  2725 | D:4      | 2725 ||| Stepping ~*~*~tactically~*~*~ (hiding).
  2726 | D:4      | 2726 ||| Stepping ~*~*~tactically~*~*~ (hiding).
  2727 | D:4      | 2727 ||| Stepping ~*~*~tactically~*~*~ (hiding).
  2728 | D:4      | 2728 ||| Stepping ~*~*~tactically~*~*~ (hiding).
  2731 | D:4      | 2731 ||| Stepping ~*~*~tactically~*~*~ (hiding).
  2736 | D:4      | 2736 ||| FLEEEEING.
  2737 | D:4      | 2737 ||| FLEEEEING.
  2738 | D:4      | 2738 ||| FLEEEEING.
  2739 | D:4      | 2739 ||| STAIRDANCE
  2844 | D:4      | 2844 ||| Stepping ~*~*~tactically~*~*~ (hiding).
  2846 | D:4      | Paralysed by Grinder for 5 turns
  2857 | D:4      | Paralysed by Grinder for 2 turns
  2869 | D:4      | Paralysed by Grinder for 4 turns
  2878 | D:4      | Killed Grinder
  2879 | D:4      | Reached XP level 6. HP: 20/40 MP: 6/6
  2963 | D:4      | Reached skill level 1 in Dodging
  3049 | D:4      | Found Gubluyre's Armour Boutique.
  3054 | D:4      | 3054 ||| BUYING +0 cloak (63 gold).
  3054 | D:4      | Bought a +0 cloak for 63 gold pieces
  3117 | D:4      | 3117 ||| Stepping ~*~*~tactically~*~*~ (stealth).
  3166 | D:4      | Reached XP level 7. HP: 34/44 MP: 7/7
  3190 | D:4      | Reached skill level 6 in Axes
  3248 | D:4      | 3248 ||| Stepping ~*~*~tactically~*~*~ (stealth).
  3448 | D:4      | 3448 ||| Stepping ~*~*~tactically~*~*~ (stealth).
  3532 | D:4      | 3532 ||| Stepping ~*~*~tactically~*~*~ (stealth).
  3645 | D:4      | 3645 ||| Stepping ~*~*~tactically~*~*~ (stealth).
  3702 | D:4      | 3702 ||| Stepping ~*~*~tactically~*~*~ (stealth).
  3708 | D:4      | 3708 ||| Stepping ~*~*~tactically~*~*~ (water).
  3713 | D:4      | HP: 11/44 [gnoll/+3 spear (1)]
  3713 | D:4      | HP: 3/44 [gnoll/+0 club (5)]
  3714 | D:4      | 3714 ||| DRINKING 3 potions of heal wounds.
  3716 | D:4      | 3716 ||| DRINKING 2 potions of heal wounds.
  3720 | D:4      | HP: 7/44 [gnoll/+0 halberd (8)]
  3721 | D:4      | 3721 ||| DRINKING potion of heal wounds.
  3722 | D:4      | 3722 ||| Stepping ~*~*~tactically~*~*~ (water).
  3730 | D:4      | HP: 8/44 [gnoll/+0 halberd (6)]
  3732 | D:4      | Slain by a gnoll

Levels and vault maps discovered:
D:1:      roderic_chinese_lattice_arrival, layout_loops_ring, grunt_decor_cap
D:2:      minmay_diamond_boxcup, layout_basic, basic_ecumenical_altar,
          grunt_ministairs_14
D:3:      layout_rooms, minmay_checkerbox, uniq_jessica
D:4:      lemuel_castle_with_subvaults [lemuel_castle_interior_carwin_3],
          layout_layer_cave, serial_shops, shop_fountains, minmay_hedge_maze,
          uniq_grinder

Skill      XL: |  1  2  3  4  5  6  7 |
---------------+----------------------+-----
Axes           | 2 3 4 5 6 |  6.9
Fighting       | 5 |  5.5
Dodging        | 1 |  1.0
Armour         | |  3.2
Shields        | |  3.2

Action                   |  1- 3 |  4- 6 |  7- 9 || total
-------------------------+-------+-------+-------++-------
Melee: War axe           |   120 |   103 |   103 ||   326
Throw: Boomerang         |       |    18 |     6 ||    24
  Use: Scroll            |     2 |     5 |       ||     7
       Potion            |       |     1 |     3 ||     4
Armor: Scale mail        |    22 |    38 |    72 ||   132
       Chain mail        |    58 |     2 |       ||    60
Dodge: Dodged            |    41 |    40 |    52 ||   133
Block: Buckler           |    27 |    19 |    21 ||    67

Table legend:
 A = Non-vault XP
 B = Vault XP
 C = Vault XP percentage of total XP
 D = Non-vault monster count
 E = Vault monster count
 F = Vault count percentage of total count
                 A         B        C        D         E       F
            +---------+---------+-------+---------+---------+-------
      Total |     593 |     553 |  48.3 |      67 |      43 |  39.1
            +---------+---------+-------+---------+---------+-------
        D:1 |      24 |       0 |   0.0 |      14 |       0 |   0.0
        D:2 |      38 |      31 |  44.9 |      12 |      12 |  50.0
        D:3 |      99 |      58 |  36.9 |      23 |       5 |  17.9
        D:4 |     432 |     464 |  51.8 |      18 |      26 |  59.1
            +---------+---------+-------+---------+---------+-------
